 Dungeon Crawl Stone Soup version 0.28-a0-863-g8cecda6153 (webtiles) character file.

Game seed: 4115753739725412837

0 tsouns the Vexing (level 1, -1/13 HPs)
             Began as a Demonspawn Enchanter on Nov 17, 2021.
             Slain by a hobgoblin (3 damage)
             ... on level 1 of the Dungeon.
             The game lasted 00:00:17 (37 turns).

tsouns the Vexing (Demonspawn Enchanter)              Turns: 37, Time: 00:00:18

Health: -1/13      AC:  2    Str:  8    XL:     1   Next: 8%
Magic:  3/3        EV: 12    Int: 16    God:
Gold:   0          SH:  0    Dex: 13    Spells: 4/4 levels left

rFire   . . .      SeeInvis .   a - +1 dagger
rCold   . . .      Faith    .   (no shield)
rNeg    . . .      Spirit   .   b - +0 robe
rPois   .          Reflect  .   (no helmet)
rElec   .          Harm     .   (no cloak)
rCorr   .          Rampage  .   (no gloves)
Will    .....                   (no boots)
Stlth   ++........              (no amulet)
HPRegen 0.04/turn               (no ring)
MPRegen 0.08/turn               (no ring)

@: no status effects
A: no striking features
a: no special abilities


You were on level 1 of the Dungeon.
You visited 1 branch of the dungeon, and saw 1 of its levels.

Inventory:

Hand Weapons
 a - a +1 dagger (weapon)
Armour
 b - a +0 robe (worn)
Potions
 c - a potion of invisibility


   Skills:
 + Level 0.8 Short Blades
 - Level 1.7 Dodging
 + Level 2.7 Stealth
 + Level 2.0 Spellcasting
 + Level 3.0 Hexes


You had 4 spell levels left.
You didn't know any spells.
Your spell library contained the following spells:

 Spells                   Type           Power      Damage    Failure   Level
 Ensorcelled Hibernation  Hex/Ice        12%        N/A       17%         2
 Confusing Touch          Hex            11%        N/A       19%         3
 Tukima's Dance           Hex            11%        N/A       19%         3
 Dazzling Flash           Conj/Hex       12%        N/A       32%         3


Dungeon Overview and Level Annotations

Branches:
Dungeon (1/15)

Altars:

Annotations:
D:1 1 runed translucent door


Message History

A frilled lizard comes into view.
A hobgoblin comes into view.
The helpless frilled lizard fails to defend itself.
You puncture the frilled lizard!
You kill the frilled lizard!
A kobold comes into view.
It is wielding a +0 short sword. 2 hobgoblins come into view.
The kobold shouts!
The hobgoblin shouts!
The hobgoblin moves out of view.
You hear a shout!
The hobgoblin shouts!
The kobold closely misses you.
You barely miss the kobold. The hobgoblin barely misses you.
A rat comes into view.
The kobold closely misses you.
You hit the kobold.
The kobold is moderately wounded.
The hobgoblin hits you. The kobold barely misses you.
An endoplasm comes into view.
You hit the kobold.
The kobold is severely wounded.
The hobgoblin hits you but does no damage.
You hit the kobold but do no damage.
The kobold is severely wounded.
The kobold completely misses you. The hobgoblin hits you.
The hobgoblin misses you.
You are too injured to fight recklessly!
You are too injured to fight recklessly!
The kobold throws a stone.
The stone closely misses you. The hobgoblin closely misses you.
There is an open door here.
You are too injured to fight recklessly!
You are too injured to fight recklessly!
You are too injured to fight recklessly!
You hit the hobgoblin but do no damage. The hobgoblin hits you.
* * * LOW HITPOINT WARNING * * *
You hit the hobgoblin but do no damage. The hobgoblin misses you.
You hit the hobgoblin.
The hobgoblin is severely wounded.
The hobgoblin hits you.
You die... ##############........ #.........hB..#........ #r..rrJrJhhBBB#........ #h...rwrJBBhJB#...#

#######+#######..##
#.............#..#
+⌠....###....⌠+Jr#
#......<......#g.#
#..⌠...>..@⌠..#.K#
###+#######g###..#
.......g.K.g.#
........g......#
...############# ..


You could see a worm, 4 endoplasms, 4 jackals, 7 giant cockroaches, 3
hobgoblins, a kobold and 3 rats.

Vanquished Creatures
  A frilled lizard (D:1)
1 creature vanquished.

Notes
Turn   | Place    | Note
-------+----------+-------------------------------------------
     0 | D:1      | tsouns the Demonspawn Enchanter began the quest for the
                  | Orb.
     0 | D:1      | Reached XP level 1. HP: 13/13 MP: 3/3
     1 | D:1      | Found a runed translucent door.
    37 | D:1      | Slain by a hobgoblin

Illustrated notes

Levels and vault maps discovered:
D:1:      dpeg_arrival_caged_fury, layout_rooms, nrook_campfire,
          patterned_corridor

Action                   || total
-------------------------++-------
Melee: Dagger            ||     8
 Stab: Sleeping          ||     1
Armor: Robe              ||     1
Dodge: Dodged            ||     9

Table legend: (Time is in decaauts)
 A = Elapsed time spent in this place.
 B = Non-inter-level travel time spent in this place.
 C = Inter-level travel time spent in this place.
 D = Time resting spent in this place.
 E = Time spent auto-exploring this place.
 F = Levels seen in this place.
 G = Mean time per level.
                   A        B        C        D        E       F      G
               +--------+--------+--------+--------+--------+-----+--------+
         Total |     36 |     36 |      0 |      0 |      9 |   1 |   36.0 |
       Dungeon |     36 |     36 |      0 |      0 |      9 |   1 |   36.0 |
               +--------+--------+--------+--------+--------+-----+--------+

Top non-repeatable levels by time:
     D:1: 36 daAuts
